 Dungeon Crawl Stone Soup version 0.22-b1-26-g9dbaab1 (webtiles) character file.

58 Lew the Insei (level 4, 0/30 HPs)
             Began as an Octopode Transmuter on Aug 7, 2018.
             Killed from afar by an orc wizard (4 damage)
             ... with a puff of frost
             ... on level 4 of the Dungeon.
             The game lasted 00:11:56 (1997 turns).

Lew the Insei (Octopode Transmuter)                 Turns: 1997, Time: 00:11:58

Health: 0/30       AC:  5    Str: 10    XL:     4   Next: 1%
Magic:  7/7        EV: 17    Int: 15    God:
Gold:   148        SH:  0    Dex: 12    Spells: 6/7 levels left

rFire    . . .     SeeInvis .     - Unarmed
rCold    . . .     Gourm    .   (no shield)
rNeg     . . .     Faith    .   (helmet restricted)
rPois    .         Spirit   .   (no amulet)
rElec    .         Reflect  .   g - +3 ring of evasion
rCorr    .         Harm     .   (no ring)
MR       +....                  (no ring)
Stlth    +++.......             (no ring)
HPRegen  0.10/turn              (no ring)
MPRegen  0.10/turn              (no ring)
                                (no ring)
                                (no ring)

@: no status effects
A: almost no armour, stealthy swim, amphibious, 8 rings, constrict 8, thin
metallic scales 1, yellow scales 1, camouflage 1, magic resistance 1, robust 1,
gelatinous body 1
a: no special abilities


You were on level 4 of the Dungeon.
You were not hungry.

You visited 1 branch of the dungeon, and saw 4 of its levels.

You collected 148 gold pieces.

Inventory:

Missiles
 o - 58 stones (quivered)
Jewellery
 g - a +3 ring of evasion (left tentacle)
Scrolls
 a - a scroll of teleportation
 e - a scroll of fear
 f - a scroll of noise
Potions
 b - a potion of berserk rage {unknown}
 d - 2 potions of haste
Comestibles
 c - 3 rations


   Skills:
 * Level 1.5 Fighting
   Level 0.2 Slings
 * Level 2.6 Dodging
 * Level 1.9 Stealth
 * Level 3.3 Unarmed Combat
 + Level 2.1 Spellcasting
 + Level 2.4 Transmutations


You had 6 spell levels left.
You knew the following spells:

 Your Spells              Type           Power        Failure   Level  Hunger
a - Beastly Appendage     Tmut           #.....       9%          1    #......

Your spell library contained the following spells:

 Spells                   Type           Power        Failure   Level  Hunger
 Spider Form              Tmut/Pois      #.........   38%         3    ###....
 Blade Hands              Tmut           #.........   92%         5    ######.
 Ice Form                 Ice/Tmut       #.......     80%         4    #####..
 Sticks to Snakes         Tmut           #.......     12%         2    ###....


Dungeon Overview and Level Annotations

Branches:
Dungeon (4/15)
 Temple: D:4-7

Altars:

Shops:
D:4 [


Innate Abilities, Weirdness & Mutations

You cannot wear most types of armour.
You are very stealthy in the water. (Stealth+)
You are amphibious.
You can wear up to eight rings at the same time.
You can use your tentacles to constrict eight enemies at once.
Your skin changes colour to match your surroundings (Stealth+).
Your rubbery body absorbs attacks. (AC +1, EV +1)
You are partially covered in thin metallic scales. (AC +2)
You are partially covered in yellow scales. (AC +2)
You are resistant to hostile enchantments. (MR+)
You are robust. (+10% HP)


Message History

Found a scroll of identify.
The orc wizard points at you and mumbles some strange words.
The puff of flame hits you! The orc barely misses you.
You barely miss the orc priest. You grab the orc priest.
You constrict the orc priest. The orc misses you.
The orc priest mumbles some strange prayers to Beogh against you.
Beogh smites you!
Ouch! That really hurt!
* * * LOW HITPOINT WARNING * * *
You tentacle-slap the orc priest.
The orc priest is moderately wounded.
You constrict the orc priest, but do no damage.
The orc wizard completely misses you. The orc priest barely misses you.
You tentacle-slap the orc. Your grab misses the orc.
The orc is severely wounded.
You constrict the orc priest.
The orc wizard points at you and mumbles some strange words.
The puff of frost hits you!
You die...

###### #.....
#...?. #.....
#.....
#...oo###########
+...o.@..........
#....oo......#####
#................#
#####............#
########.....#
#.....# #.##+##
.######.##
.........#


You could see an orc priest, 2 orc wizards and 2 orcs.

Vanquished Creatures
  An adder (D:4)
  A worm (D:3)
  A dart slug (D:3)
  A leopard gecko (D:1)
  5 giant cockroaches
  4 goblins
  4 hobgoblins
  3 jackals (D:3)
  7 kobolds
  2 quokkas (D:3)
  4 bats
  2 frilled lizards (D:1)
  4 rats
39 creatures vanquished.

Notes
Turn   | Place    | Note
-------+----------+-------------------------------------------
     0 | D:1      | Lew the Octopode Transmuter began the quest for the Orb.
     0 | D:1      | Reached XP level 1. HP: 13/13 MP: 3/3
   268 | D:1      | Reached XP level 2. HP: 14/18 MP: 3/5
   823 | D:4      | Reached XP level 3. HP: 7/23 MP: 6/6
  1063 | D:3      | Reached skill level 1 in Stealth
  1562 | D:3      | Gained mutation: You are resistant to hostile enchantments. (MR+) [potion of mutation]
  1562 | D:3      | Gained mutation: You are partially covered in yellow scales. (AC +2) [potion of mutation]
  1562 | D:3      | Gained mutation: You are partially covered in thin metallic scales. (AC +2) [potion of mutation]
  1562 | D:3      | Gained mutation: You are robust. (+10% HP) [potion of mutation]
  1704 | D:3      | Reached XP level 4. HP: 29/30 MP: 7/7
  1964 | D:4      | Found Isuanun's Antique Armour Emporium.
  1997 | D:4      | Killed from afar by an orc wizard

Skill      XL: |  1  2  3 |
---------------+----------+-----
Stealth        | 1 |  1.9
Fighting       | |  1.5
Slings         | |  0.2
Dodging        | |  2.6
Unarmed Combat | |  3.3
Spellcasting   | |  2.1
Transmutations | |  2.4

Action                   |  1- 3 |  4- 6 || total
-------------------------+-------+-------++-------
Melee: Unarmed           |    67 |     3 ||    70
       Kick              |     5 |       ||     5
       Constrict         |    14 |     1 ||    15
       Tentacles         |    10 |       ||    10
       Punch             |     1 |       ||     1
 Fire: Hunting sling     |    19 |       ||    19
 Cast: Beastly Appendage |     5 |       ||     5
  Use: Scroll            |     5 |       ||     5
       Potion            |     3 |       ||     3
 Stab: Sleeping          |     1 |       ||     1
  Eat: Ration            |     1 |       ||     1
       Chunk             |     1 |       ||     1
Armor: Skin              |    14 |       ||    14
Dodge: Dodged            |    54 |     4 ||    58
